 Dungeon Crawl Stone Soup version 0.19.4 (webtiles) character file.

3937 Jerry the Skirmisher (level 9, -4/79 HPs)
             Began as a Demigod Fighter on Jan 31, 2017.
             Incinerated by a smoke demon (6 damage)
             ... with a sticky flame
             ... on level 6 of the Dungeon.
             The game lasted 00:41:07 (8498 turns).

Jerry the Skirmisher (Demigod Fighter)              Turns: 8498, Time: 00:41:07

Health: -4/79      AC: 13    Str: 29    XL:     9   Next: 70%
Magic:  16/16      EV:  8    Int: 12    God:
Gold:   480        SH:  5    Dex: 17    Spells: 0 memorised, 8 levels left

rFire  . . .     SeeInvis .     g - +1 dagger (venom)
rCold  . . .     Gourm    .     G - +0 chain mail
rNeg   . . .     Faith    .     K - +0 buckler
rPois  .         Spirit   .     J - +1 helmet
rElec  .         Reflect  .     (no cloak)
rCorr  .         Harm     .     o - +0 pair of gloves (curse)
MR     .....                    (no boots)
Stlth  ..........               L - amulet of rage
                                B - +6 ring of strength
                                C - ring of Shadows {Umbra +Inv Stlth+}

@: liquid flames, glowing, drained
A: high mp 1
a: Evoke Berserk Rage, Evoke Invisibility


You were on level 6 of the Dungeon.
You were not hungry.

You visited 1 branch of the dungeon, and saw 7 of its levels.

You collected 480 gold pieces.

Inventory:

Hand Weapons
 c - a cursed +0 scimitar
 g - a +1 dagger of venom (weapon)
Armour
 b - a +0 ring mail of cold resistance
 o - a cursed +0 pair of gloves (worn)
 G - a +0 chain mail (worn)
 J - a +1 helmet (worn)
 K - a +0 buckler (worn)
Jewellery
 k - an uncursed ring of wizardry
 B - a +6 ring of strength (right hand)
 C - the ring of Shadows (left hand) {Umbra +Inv Stlth+}
   (You found it on level 5 of the Dungeon)

   [ring of stealth]

   It lets you turn invisible.
   It makes you more stealthy.
 L - an amulet of rage (around neck)
Wands
 t - a wand of random effects (4/48)
 A - a wand of teleportation (0/9)
 F - a wand of teleportation (9/9)
 H - a wand of polymorph (12/24)
Scrolls
 i - 4 scrolls of magic mapping
 p - 3 scrolls of remove curse
 q - 2 scrolls of amnesia
 s - 5 scrolls of identify
 w - 2 scrolls of teleportation
Potions
 d - 2 potions of cure mutation {unknown}
 h - 2 potions of ambrosia
 l - a potion of heal wounds {unknown}
 n - 3 potions of flight {unknown}
 r - 3 potions of brilliance {unknown}
 u - a potion of magic {unknown}
 v - 3 potions of curing {unknown}
 z - 4 potions of lignification {unknown}
 I - a potion of agility {unknown}
 M - a potion of cancellation {unknown}
Comestibles
 a - a chunk of flesh
 f - 5 bread rations
 m - 7 fruits
 x - a meat ration


   Skills:
 + Level 7.0(6.5) Fighting
 + Level 6.8(6.3) Long Blades
 + Level 6.9(6.3) Armour
 - Level 4.6(4.1) Shields
 + Level 5.7(5.1) Evocations


You had 8 spell levels left.
You didn't know any spells.

Dungeon Overview and Level Annotations

Branches:
Dungeon (7/15)             Temple (0/1) D:4


Innate Abilities, Weirdness & Mutations

You have an increased reservoir of magic. (+10% MP)


Message History

You are covered in liquid flames!
The red devil hits you but does no damage.
You are covered in liquid flames!
The smoke demon gestures at you. The ball of steam hits you!
You can move again.
You are engulfed in a cloud of scalding steam.
You are covered in liquid flames!
* * * LOW HITPOINT WARNING * * *
The red devil hits you from afar with a trident.
* * * LOW HITPOINT WARNING * * *
The smoke demon gestures at you. The ball of steam hits you!
* * * LOW HITPOINT WARNING * * *
You climb upwards.
You are covered in liquid flames!
* * * LOW HITPOINT WARNING * * *
There is a stone staircase leading down here.
You are covered in liquid flames!
You die...

############## #...).@>.....#
##(##########.# ##...###### #.#
#.........####.#### ###
#......##.##......#####..
#.#..#........#.........#
#.#....##(#...#..........
#########.#.#.###.#.#####....####
..........#.#.# #.#...#...##.....


There were no monsters in sight!

Vanquished Creatures
  A hippogriff (D:6)
  A wyvern (D:7)
  Sigmund (D:4)
  Menkaure (D:4)
  6 wargs (D:7)
  An orc warrior (D:6)
  6 ice beasts
  A centaur (D:6)
  7 ogres
  2 bullfrogs (D:6)
  4 scorpions
  2 wights
  3 howler monkeys (D:6)
  3 hounds
  A jelly (D:7)
  A bullfrog skeleton (D:6)
  4 orc priests (D:7)
  An iguana (D:4)
  5 orc wizards
  5 worker ants
  4 gnolls
  9 adders
  A shadow imp (D:5)
  An adder skeleton (D:7)
  A worm (D:2)
  3 dart slugs
  4 leopard geckos
  23 orcs
  2 ball pythons (D:1)
  4 giant cockroaches
  3 goblins
  10 hobgoblins
  12 jackals
  6 quokkas
  5 bats
  4 frilled lizards
  2 jackal skeletons
  8 kobolds
  2 leopard gecko zombies
  6 rats
166 creatures vanquished.

Vanquished Creatures (others)
  A plant (D:7)
1 creature vanquished.

Grand Total: 167 creatures vanquished

Notes
Turn   | Place    | Note
-------+----------+-------------------------------------------
     0 | D:1      | Jerry the Demigod Fighter began the quest for the Orb.
     0 | D:1      | Reached XP level 1. HP: 18/18 MP: 3/3
   166 | D:1      | Reached XP level 2. HP: 25/25 MP: 4/4
   436 | D:1      | Reached XP level 3. HP: 30/30 MP: 5/5
   685 | D:2      | Found a sacrificial altar of Ru.
   701 | D:2      | Reached skill level 3 in Fighting
   788 | D:2      | Reached XP level 4. HP: 37/38 MP: 6/6
  1658 | D:3      | Reached XP level 5. HP: 42/45 MP: 7/7
  2106 | D:4      | Noticed an ogre
  2120 | D:4      | Killed an ogre
  2201 | D:4      | Noticed Menkaure
  2230 | D:4      | Killed Menkaure
  2230 | D:4      | Reached skill level 4 in Fighting
  2230 | D:4      | Reached XP level 6. HP: 22/52 MP: 8/8
  3010 | D:4      | Found a staircase to the Ecumenical Temple.
  3292 | D:4      | Noticed Sigmund
  3312 | D:4      | Killed Sigmund
  3312 | D:4      | Reached XP level 7. HP: 59/60 MP: 9/9
  3593 | D:5      | Entered Level 5 of the Dungeon
  3847 | D:5      | Reached skill level 5 in Fighting
  3847 | D:5      | Reached skill level 5 in Armour
  4322 | D:5      | Reached skill level 5 in Long Blades
  4394 | D:5      | Found an opulent altar of Gozag.
  4478 | D:5      | Reached XP level 8. HP: 63/68 MP: 10/10
  4775 | D:6      | Reached skill level 1 in Evocations
  5600 | D:7      | Reached skill level 6 in Fighting
  6277 | D:7      | Noticed a hippogriff
  6362 | D:6      | Reached XP level 9. HP: 45/75 MP: 12/15
  7186 | D:7      | Reached skill level 5 in Evocations
  7746 | D:7      | Noticed an orc sorcerer
  7748 | D:7      | Noticed a rust devil
  8308 | D:7      | Reached skill level 7 in Fighting
  8489 | D:7      | Noticed a smoke demon
  8490 | D:7      | Paralysed by an orc sorcerer for 6 turns
  8497 | D:6      | HP: 2/79 [burnt (6)]
  8498 | D:6      | Incinerated by a smoke demon

Skill      XL: |  1  2  3  4  5  6  7  8  9 |
---------------+----------------------------+-----
Long Blades    | 2 3 4 5 6 |  6.8
Shields        | 3 4 |  4.6
Armour         | 3 4 5 6 |  6.9
Fighting       | 3 4 5 6 7 |  7.0
Evocations     | 4 5 |  5.7

Action                   |  1- 3 |  4- 6 |  7- 9 || total
-------------------------+-------+-------+-------++-------
Melee: Dagger            |    95 |   213 |   558 ||   866
       Long sword        |     4 |       |       ||     4
Throw: Throwing net      |       |     1 |       ||     1
 Abil: Evoke Berserk Rag |       |     1 |     7 ||     8
       Evoke Invisibilit |       |       |    14 ||    14
Evoke: Wand              |       |       |    15 ||    15
  Use: Potion            |       |     2 |     1 ||     3
       Scroll            |       |    16 |       ||    16
 Stab: Sleeping          |       |     2 |       ||     2
       Held in net/web   |       |     2 |       ||     2
       Invisible         |       |       |    21 ||    21
  Eat: Chunk             |       |     7 |    26 ||    33
       Pizza             |       |       |     1 ||     1
       Beef jerky        |       |       |     1 ||     1
       Fruit             |       |       |     3 ||     3
Armor: Scale mail        |    30 |    38 |       ||    68
       Chain mail        |       |    30 |   179 ||   209
Dodge: Dodged            |    26 |    48 |   132 ||   206
Block: Shield            |    40 |    62 |       ||   102
       Buckler           |       |     4 |   100 ||   104
